 Dungeon Crawl Stone Soup version 0.29.0-11-gd7f09526c8 (webtiles) character file.

Game seed: 4212202293822075685

1484 Zeldest the Sneak (level 8, -12/62 HPs)
             Began as a Black Draconian Wanderer on Sept 5, 2022.
             Was a Priest of Dithmenos.
             Killed from afar by a steam dragon (14 damage)
             ... with a ball of steam
             ... on level 6 of the Dungeon.
             The game lasted 00:11:45 (5563 turns).

Zeldest the Sneak (Black Draconian Wanderer)        Turns: 5563, Time: 00:11:46

Health: -12/62     AC: 11    Str: 15    XL:     8   Next: 50%
Magic:  12/12      EV: 11    Int: 12    God:    Dithmenos [***...]
Gold:   200        SH:  0    Dex: 13    Spells: 8/9 levels left

rFire   . . .      SeeInvis .   a - +2 dagger
rCold   . . .      Faith    .   (no shield)
rNeg    . . .      Spirit   .   (body armour unavailable)
rPois   +          Reflect  .   (helmet restricted)
rElec   +          Harm     .   x - scarf {repulsion}
rCorr   .          Rampage  .   (no gloves)
Will    .....                   c - +0 pair of boots
Stlth   +++++.....              (no amulet)
HPRegen 0.20/turn               y - ring of poison resistance
MPRegen 0.13/turn               n - +4 ring of protection

@: short of breath, wreathed by umbra, repel missiles
A: breathe lightning, AC +6, unfitting armour, electricity resistance,
cold-blooded
a: Breathe Lightning, Renounce Religion, Shadow Step


You were on level 6 of the Dungeon.
You worshipped Dithmenos.
Dithmenos was most pleased with you.
You visited 1 branch of the dungeon, and saw 6 of its levels.

You collected 269 gold pieces.
You spent 69 gold pieces at shops.

Inventory:

Hand Weapons
 a - a +2 dagger (weapon)
Missiles
 b - a curare-tipped dart (quivered)
 j - 5 poisoned darts
 m - 4 silver boomerangs
Armour
 c - a +0 pair of boots (worn)
 x - a scarf of repulsion (worn)
Jewellery
 l - a ring of see invisible
 n - a +4 ring of protection (right hand)
 u - a ring of ice
 y - a ring of poison resistance (left hand)
 C - the ring of Mistrust {Drain rF+ MP+9 Str+6}
   (You found it on level 6 of the Dungeon)

   [ring of protection from fire]

   Str:       It affects your strength (+6).
   rF:        It protects you from fire.
   MP:        It affects your magic capacity (+9).
   Drain:     It drains your maximum health when unequipped.
Wands
 h - a wand of flame (8)
 v - a wand of quicksilver (7)
Scrolls
 d - 2 scrolls of fog
 e - a scroll of enchant armour {unknown}
 f - 6 scrolls of identify {unknown}
 g - 3 scrolls of teleportation {unknown}
 p - a scroll of summoning {unknown}
 q - a scroll of silence {unknown}
 r - a scroll of enchant weapon {unknown}
 s - a scroll of immolation {unknown}
 t - a scroll of blinking {unknown}
Potions
 i - a potion of might {unknown}
 k - a potion of brilliance {unknown}
 o - a potion of degeneration {unknown}
 w - a potion of invisibility {unknown}
 z - a potion of mutation {unknown}
 A - a potion of lignification
 B - a potion of heal wounds


   Skills:
 - Level 2.5 Fighting
 + Level 5.0 Short Blades
 - Level 3.6 Throwing
 - Level 1.0 Dodging
 * Level 7.2 Stealth
 - Level 1.2 Unarmed Combat
 - Level 1.0 Spellcasting
 - Level 1.3 Necromancy
 + Level 5.4 Invocations
 - Level 1.0 Evocations


You had 8 spell levels left.
You knew the following spells:

 Your Spells              Type           Power      Damage    Failure   Level
a - Necrotise             Necr           12%        1d4       17%         1

Your spell library contained the following spells:

 Spells                   Type           Power      Damage    Failure   Level
 Sandblast                Erth           0%         2d4       30%         1
 Passwall                 Tmut/Erth      0%         N/A       41%         2
 Vampiric Draining        Necr           3%         2d6       45%         3
 Stone Arrow              Conj/Erth      0%         3d7       65%         3


Dungeon Overview and Level Annotations

Branches:
Dungeon (6/15)
 Temple: D:4-7

Altars:
Cheibriados
Dithmenos
Okawaru
Zin
The Shining One

Shops:
D:5 (*

Annotations:
D:3 3 runed translucent doors, Aristaeus's ghost, amateur DrHu


Innate Abilities, Weirdness & Mutations

You can breathe wild blasts of lightning.
Your glossy black scales are hard. (AC +6)
You cannot fit into any form of body armour.
You are resistant to electric shocks. (rElec)
You are cold-blooded and may be slowed by cold attacks.


Message History

You are engulfed in a cloud of scalding steam.
You hear a shout! x3
The steam dragon barely misses you. The steam dragon closely misses you.
You hit the steam dragon but do no damage.
Your tail-slap misses the steam dragon.
You hit the steam dragon.
The steam dragon is lightly wounded.
The steam dragon closely misses you. x2
You closely miss the steam dragon.
The steam dragon is lightly wounded.
The steam dragon breathes steam at you. The ball of steam hits you!
You closely miss the steam dragon.
The steam dragon is lightly wounded.
You are engulfed in a cloud of scalding steam.
The steam dragon bites you but does no damage.
The steam dragon claws you.
You hit the steam dragon but do no damage.
The steam dragon is lightly wounded.
You barely miss the steam dragon.
The steam dragon is lightly wounded.
The steam dragon bites you.
The steam dragon claws you but does no damage.
You hit the steam dragon but do no damage.
The steam dragon is lightly wounded.
The steam dragon closely misses you. The steam dragon barely misses you.
An orc comes into view. It is wielding a +0 club.
The steam dragon breathes steam at you. The ball of steam hits you!!
* * * LOW HITPOINT WARNING * * *
The orc moves out of view.
You hear a shout!
The steam dragon attacks as you move away!
The steam dragon bites you.
* * * LOW HITPOINT WARNING * * *
The steam dragon claws you but does no damage.
There is a stone staircase leading up here.
The steam dragon breathes steam at you. The ball of steam hits you!
You die...

...o ....# .....#
.....+ .....#
###+#§§.. #..@§.#
#.(D..+ #.....#
#.....##
######..#......#
+....#..#......#
#....#..#......#
#+###....#..#......#
#...#..<.#..#.....$#


You could see a steam dragon (catching breath).

Vanquished Creatures
  Duvessa (D:5)
  3 water moccasins
  A centaur (D:5)
  An ogre (D:5)
  A phantom (D:5)
  A necrophage (D:5)
  4 scorpions
  Dowan (D:5)
  A howler monkey (D:5)
  2 hounds
  A jelly (D:5)
  2 orc priests (D:5)
  An iron imp (D:4)
  An iguana (D:6)
  7 gnolls
  7 adders
  A worm (D:3)
  10 orcs (D:5)
  6 bats
  12 endoplasms
  7 giant cockroaches
  6 goblins
  6 hobgoblins
  4 jackals (D:2)
  6 quokkas
  8 ball pythons
  10 kobolds
  2 rats (D:1)
113 creatures vanquished.

Vanquished Creatures (others)
  2 plants (D:1)
  A withered plant (D:1)
3 creatures vanquished.

Grand Total: 116 creatures vanquished

Notes
Turn   | Place    | Note
-------+----------+-------------------------------------------
     0 | D:1      | Zeldest the Draconian Wanderer began the quest for the Orb.
     0 | D:1      | Zeldest set off with the following items: a +2 dagger, a
                  | curare-tipped dart, a +0 pair of boots, a scroll of fog;
                  | and the following spell memorised: Necrotise; and the
                  | following spells available to memorise: Vampiric Draining.
     0 | D:1      | Reached XP level 1. HP: 17/17 MP: 2/2
   149 | D:1      | Reached skill level 1 in Unarmed Combat
   189 | D:1      | Reached XP level 2. HP: 24/25 MP: 3/3
   192 | D:1      | Found a faded altar of an unknown god.
   226 | D:1      | Prayed at the altar of an unknown god.
   226 | D:1      | Became a worshipper of Dithmenos the Shadowed
   226 | D:1      | Reached * piety under Dithmenos
   399 | D:1      | Reached skill level 1 in Stealth
   399 | D:1      | Reached XP level 3. HP: 29/30 MP: 4/4
   529 | D:1      | Reached skill level 1 in Short Blades
   699 | D:2      | Reached ** piety under Dithmenos
   801 | D:2      | Reached skill level 1 in Invocations
  1192 | D:2      | Reached XP level 4. HP: 37/37 MP: 5/5
  1327 | D:3      | Reached skill level 2 in Stealth
  1365 | D:3      | Found a runed translucent gate.
  1365 | D:3      | Found a runed translucent gate.
  1368 | D:3      | Found a runed translucent gate.
  1408 | D:3      | Noticed Aristaeus's ghost (amateur DrHu)
  1522 | D:3      | Noticed a scorpion
  1558 | D:3      | Killed a scorpion
  1559 | D:3      | Reached XP level 5. HP: 36/42 MP: 6/6
  1599 | D:3      | Found a glowing silver altar of Zin.
  1599 | D:3      | Found a glowing golden altar of the Shining One.
  2248 | D:4      | Found a snail-covered altar of Cheibriados.
  2331 | D:4      | Reached skill level 3 in Stealth
  2340 | D:4      | Reached *** piety under Dithmenos
  2735 | D:4      | Noticed a water moccasin
  2749 | D:4      | HP: 2/42 [water moccasin (3)]
  2753 | D:4      | Killed a water moccasin
  2754 | D:4      | Reached skill level 4 in Stealth
  2754 | D:4      | Reached XP level 6. HP: 6/50 MP: 3/8
  3064 | D:5      | Entered Level 5 of the Dungeon
  3140 | D:5      | Noticed a water moccasin
  3150 | D:5      | Killed a water moccasin
  3151 | D:5      | Your scales start taking on a glossy black colour.
  3151 | D:5      | Reached XP level 7. HP: 49/56 MP: 9/9
  3151 | D:5      | Gained mutation: You are resistant to electric shocks.
                  | (rElec) [Black Draconian growth]
  3196 | D:5      | Reached skill level 5 in Stealth
  3509 | D:5      | Noticed Duvessa
  3637 | D:5      | Found an iron altar of Okawaru.
  3789 | D:5      | Found Vesheuq's Antique Weapon Boutique.
  3791 | D:5      | Noticed Dowan
  3831 | D:5      | Killed Duvessa
  3831 | D:5      | Killed Dowan
  4056 | D:5      | Reached skill level 6 in Stealth
  4446 | D:5      | Reached XP level 8. HP: 61/62 MP: 11/11
  4521 | D:5      | Reached skill level 5 in Invocations
  4980 | D:5      | Found Keucis's CLEARANCE SALE!.
  5006 | D:5      | Bought a ring of poison resistance for 60 gold pieces
  5006 | D:5      | Bought a potion of lignification for 9 gold pieces
  5359 | D:5      | Reached skill level 7 in Stealth
  5489 | D:6      | Identified the ring of Mistrust {Drain rF+ MP+9 Str+6}
  5544 | D:6      | Reached skill level 5 in Short Blades
  5562 | D:6      | HP: 2/62 [steam dragon (6)]
  5563 | D:6      | Killed from afar by a steam dragon

Illustrated notes

Levels and vault maps discovered:
D:1:      roderic_crop_circles_arrival_small, layout_rooms,
          ebering_ecumenical_altar_petrified, serial_rivers,
          chequers_serial_rivers_micro_e, chequers_serial_rivers_micro_e,
          chequers_serial_rivers_small_a, chequers_serial_rivers_room_a,
          chequers_serial_rivers_small_3, minmay_misc_feat_cross,
          serial_bayou_lagoon_a, palyth_stone_intersect
D:2:      layout_loops_cross
D:3:      layout_loops_corners, gammafunk_temple_overflow_pools,
          gammafunk_ghost_icy
D:4:      layout_loops_ring, slow_altar_1
D:5:      layout_basic, okawaru_metal_pillars_3, serial_shops, shop,
          st_stairs_5, nicolae_shop_clearance, uniq_duvessa
D:6:      layout_gridville

Skill      XL: |  1  2  3  4  5  6  7  8 |
---------------+-------------------------+-----
Unarmed Combat | 1 |  1.2
Stealth        | 1 2 4 6 7 |  7.2
Short Blades   | 1 2 3 4 5 |  5.0
Invocations    | 1 2 3 4 5 |  5.4
Fighting       | |  2.5
Throwing       | |  3.6
Dodging        | |  1.0
Spellcasting   | |  1.0
Necromancy     | |  1.3
Evocations     | |  1.0

Action                   |  1- 3 |  4- 6 |  7- 9 || total
-------------------------+-------+-------+-------++-------
Melee: Dagger            |   130 |   184 |   271 ||   585
       Tailslap          |    11 |    23 |    41 ||    75
       Punch             |     2 |     1 |     5 ||     8
Invok: Shadow Step       |       |     1 |       ||     1
 Abil: Breathe Lightning |       |       |    13 ||    13
Evoke: Wand              |       |     3 |       ||     3
  Use: Potion            |       |     3 |       ||     3
 Stab: Sleeping          |     8 |     5 |     2 ||    15
Armor: Skin              |    40 |    46 |   109 ||   195
Dodge: Dodged            |    98 |   106 |   188 ||   392
       Repelled          |       |       |     3 ||     3
